 Dungeon Crawl Stone Soup version 0.23.2 (webtiles) character file.

Game seed: 1746628388310832795

1728 Kairos the Poker (level 9, 0/70 HPs)
             Began as a Formicid Abyssal Knight on Apr 12, 2019.
             Was an Elder of Lugonu.
             Slain by an ogre
             ... wielding a +0 giant spiked club
              (8 damage)
             ... on level 6 of the Dungeon.
             The game lasted 00:10:46 (5168 turns).

Kairos the Poker (Formicid Abyssal Knight)          Turns: 5168, Time: 00:10:47

Health: 0/70       AC: 18    Str: 21    XL:     9   Next: 25%
Magic:  19/19      EV:  7    Int: 11    God:    Lugonu [****..]
Gold:   130        SH:  0    Dex: 12    Spells: 8/8 levels left

rFire    . . .     SeeInvis +   H - +0 trident
rCold    . . .     Gourm    .   (no shield)
rNeg     + . .     Faith    .   n - +3 plate armour
rPois    +         Spirit   .   (helmet unavailable)
rElec    .         Reflect  .   C - +0 cloak
rCorr    .         Harm     .   (no gloves)
MR       .....                  u - +0 pair of boots
Stlth    ..........             v - amulet of regeneration
HPRegen  0.61/turn              G - ring of magical power
MPRegen  0.16/turn              k - ring of positive energy

@: no status effects
A: permanent stasis, dig shafts and tunnels, four strong arms, antennae 3, agile
1, poison resistance
a: Dig, Shaft Self, Depart the Abyss, Bend Space, Banish, Corrupt, Renounce
Religion


You were on level 6 of the Dungeon.
You worshipped Lugonu.
Lugonu was greatly pleased with you.
You were not hungry.

You visited 1 branch of the dungeon, and saw 6 of its levels.
You visited the Abyss 1 time.
You also visited: Sewer.

You collected 130 gold pieces.

Inventory:

Hand Weapons
 a - a +1 spear
 x - a +2 hand axe of flaming
 B - a +4 quarterstaff of chaos
 H - a +0 trident (weapon)
Missiles
 o - 23 sling bullets
Armour
 n - a +3 plate armour (worn)
 u - a +0 pair of boots (worn)
 C - a +0 cloak (worn)
Jewellery
 k - a ring of positive energy (right hand)
 s - a +2 ring of intelligence
 v - an amulet of regeneration (around neck)
 y - an uncursed ring of fire
 A - an uncursed amulet of the gourmand
 G - a ring of magical power (left hand)
 J - an uncursed ring of magical power
Wands
 b - a wand of paralysis (15)
 d - a wand of flame (7)
 j - a wand of digging (6)
 l - a wand of random effects (23)
Scrolls
 f - a scroll of blinking {unknown}
 g - 2 scrolls of remove curse
 m - a scroll of fog {unknown}
 p - a scroll of fear {unknown}
 q - 2 scrolls of amnesia {unknown}
 w - 3 scrolls of enchant weapon {unknown}
 z - 5 scrolls of identify
 D - a scroll of random uselessness {unknown}
 F - a scroll of enchant armour
 I - a scroll of noise {unknown}
Potions
 e - a potion of haste
 h - 3 potions of heal wounds
 i - a potion of resistance
 r - a potion of agility {unknown}
 t - a potion of flight {unknown}
 E - 2 potions of curing
Comestibles
 c - 10 rations


   Skills:
 + Level 6.3 Fighting
 + Level 7.7 Polearms
 + Level 6.2 Armour
 + Level 1.4 Dodging
 + Level 4.0 Stealth
 + Level 2.6 Invocations
 + Level 1.8 Evocations


You had 8 spell levels left.
You didn't know any spells.
Your spell library was empty.

Dungeon Overview and Level Annotations

Branches:
Dungeon (6/15)             Temple (0/1) D:6

Altars:
Ashenzari
Elyvilon
Kikubaaqudgha
Ru
Trog

Shops:
D:4 :

Annotations:
D:5 3 runed translucent doors, Leeroy's ghost, novice FoEE


Innate Abilities, Weirdness & Mutations

You cannot be hasted, slowed, berserked, paralysed or teleported.
You can dig through walls and to a lower floor.
Your four strong arms can wield two-handed weapons with a shield.
You have a pair of large antennae on your head. (SInv)
You are agile. (Dex +2)
Your system is resistant to poisons. (rPois)


Message History

You are too injured to fight recklessly!
You are too injured to fight recklessly!
You are too injured to fight recklessly!
You are too injured to fight recklessly!
You are too injured to fight recklessly!
You are too injured to fight recklessly!
You are too injured to fight recklessly!
You are too injured to fight recklessly!
You are too injured to fight recklessly!
You are too injured to fight recklessly!
You hit the ogre.
The ogre is moderately wounded.
You closely miss the ogre.
The ogre is moderately wounded.
The ogre hits you with a +0 giant spiked club!!
* * * LOW HITPOINT WARNING * * *
You hit the ogre.
The ogre is severely wounded.
The ogre hits you with a +0 giant spiked club!
You die...

....# #.##.#....#..#.#..##....
....######.#...####.........#.##.
..................+.........')...
##########.#...####...(.....#.##.
....≈≈# ########..........##.###
≈.≈._≈# .. ..#.###.....###.##.
....≈≈###.♣.♣.♣.#.# ##...## #....
#######.#.......#.# ##'## #####
....# #.#>.....)@.# #.# # ##.##
#.#......O### #.# # #.#
#.#.♣.♣.♣. ##.####### # #.# #.#
.. .. ####...##...# # #.#
#.######## #.........#.### ##.#
#........# #.##...##...... ...#
#........####.###.######### ####
#####.........# ### ###########


You could see an ogre.

Vanquished Creatures
  Grinder (D:3)
  Sigmund (D:3)
  Duvessa (D:4)
  An ice beast (D:5)
  A phantom (D:5)
  An ogre (D:6)
  A centaur (D:5)
  Blork the orc (D:4)
  2 bullfrogs
  Dowan (D:4)
  A scorpion (D:4)
  A bullfrog zombie (D:5)
  2 jellies (D:5)
  An orc priest (D:5)
  Crazy Yiuf (D:4)
  Ijyb (D:3)
  2 iguanas (D:4)
  3 worker ants
  2 hound skeletons (D:6)
  A worker ant zombie (D:5)
  8 adders
  11 oozes
  An adder skeleton (D:5)
  7 worms
  A dart slug (D:1)
  17 leopard geckos
  9 orcs
  10 bats
  18 giant cockroaches
  7 goblins
  10 hobgoblins
  10 jackals
  A quokka (D:5)
  10 ball pythons (Sewer)
  9 frilled lizards
  6 kobolds
  A leopard gecko skeleton (D:5)
  3 rats (D:3)
165 creatures vanquished.

Notes
Turn   | Place    | Note
-------+----------+-------------------------------------------
     0 | Abyss:1  | Kairos the Formicid Abyssal Knight began the quest for the
                  | Orb.
     0 | Abyss:1  | Reached XP level 1. HP: 18/18 MP: 2/2
    55 | Abyss:2  | Noticed an iron imp
    82 | Abyss:2  | Noticed a large abomination
    93 | Abyss:2  | Noticed an ancient zyme
    95 | D:1      | Escaped the Abyss
    96 | D:1      | Gained mutation: You are agile. (Dex +2) [potion of
                  | mutation]
    96 | D:1      | Gained mutation: Your system is resistant to poisons.
                  | (rPois) [potion of mutation]
   397 | D:1      | Reached XP level 2. HP: 17/24 MP: 3/3
   522 | D:1      | Reached * piety under Lugonu
   776 | D:1      | Reached XP level 3. HP: 29/30 MP: 4/4
  1182 | D:2      | Reached skill level 1 in Dodging
  1298 | D:2      | Reached XP level 4. HP: 28/37 MP: 5/5
  1632 | D:3      | Noticed Grinder
  1647 | D:3      | Found a glowing drain.
  1650 | Sewer    | Entered a sewer
  1667 | Sewer    | Reached skill level 3 in Polearms
  1745 | Sewer    | Reached ** piety under Lugonu
  1745 | Sewer    | Reached XP level 5. HP: 35/42 MP: 6/6
  2211 | Sewer    | Reached XP level 6. HP: 49/49 MP: 7/7
  2252 | Sewer    | Reached *** piety under Lugonu
  2296 | Sewer    | Reached skill level 4 in Polearms
  2416 | D:3      | Killed Grinder
  2416 | D:3      | Reached skill level 5 in Polearms
  2416 | D:3      | Reached XP level 7. HP: 55/55 MP: 8/8
  2567 | D:3      | Noticed Ijyb
  2592 | D:3      | Killed Ijyb
  2669 | D:3      | Found a bloodstained altar of Trog.
  2789 | D:3      | Found a shattered altar of Ashenzari.
  2840 | D:3      | Found a bloodstained altar of Trog.
  2853 | D:3      | Noticed Sigmund
  2871 | D:3      | Killed Sigmund
  2871 | D:3      | Reached skill level 5 in Fighting
  2871 | D:3      | Reached skill level 5 in Armour
  2871 | D:3      | Reached skill level 1 in Stealth
  2871 | D:3      | Reached skill level 1 in Evocations
  3091 | D:3      | Reached XP level 8. HP: 62/62 MP: 9/9
  3283 | D:4      | Found a runed translucent door.
  3284 | D:4      | Noticed Crazy Yiuf
  3427 | D:4      | Found Cyusuec's Book Emporium.
  3563 | D:4      | Noticed Blork the orc
  3586 | D:4      | Killed Blork the orc
  3586 | D:4      | Reached skill level 6 in Polearms
  3733 | D:4      | Noticed Dowan
  3734 | D:4      | Noticed Duvessa
  3761 | D:4      | Killed Duvessa
  3779 | D:4      | Killed Dowan
  4041 | D:4      | Killed Crazy Yiuf
  4079 | D:5      | Entered Level 5 of the Dungeon
  4092 | D:5      | Found an ancient bone altar of Kikubaaqudgha.
  4292 | D:5      | Found a runed translucent gate.
  4292 | D:5      | Found a runed translucent gate.
  4292 | D:5      | Found a runed translucent gate.
  4293 | D:5      | Noticed Leeroy's ghost (novice FoEE)
  4375 | D:5      | Reached XP level 9. HP: 59/69 MP: 10/10
  4378 | D:5      | Reached **** piety under Lugonu
  4545 | D:5      | Reached skill level 7 in Polearms
  4559 | D:5      | Found a white marble altar of Elyvilon.
  4727 | D:6      | Found a bloodstained altar of Trog.
  4995 | D:6      | Found a sacrificial altar of Ru.
  5021 | D:6      | Found a staircase to the Ecumenical Temple.
  5168 | D:6      | Slain by an ogre

Skill      XL: |  1  2  3  4  5  6  7  8  9 |
---------------+----------------------------+-----
Dodging        | 1 |  1.4
Armour         | 3 4 5 6 |  6.2
Fighting       | 4 5 6 |  6.3
Polearms       | 3 5 6 7 |  7.7
Stealth        | 1 4 |  4.0
Evocations     | 1 |  1.8
Invocations    | |  2.6

Action                   |  1- 3 |  4- 6 |  7- 9 || total
-------------------------+-------+-------+-------++-------
Melee: Spear             |   139 |   278 |   379 ||   796
       Trident           |       |       |    57 ||    57
Invok: Depart the Abyss  |     1 |       |       ||     1
 Abil: Dig               |       |     3 |     1 ||     4
Evoke: Wand              |       |     5 |    18 ||    23
  Use: Scroll            |     2 |     8 |     3 ||    13
       Potion            |     1 |       |       ||     1
 Stab: Paralysed         |       |       |    14 ||    14
  Eat: Chunk             |     1 |     5 |     9 ||    15
Armor: Leather armour    |     8 |       |       ||     8
       Scale mail        |    17 |       |       ||    17
       Plate armour      |    56 |   195 |   211 ||   462
Dodge: Dodged            |    60 |    70 |   112 ||   242
